Construct Infanterie Kompanie
Selects Terror Battlegroup
Selects Machine Gun Camouflage
Construct Luftwaffe Kompanie
Selects Defend the Fatherland
Luftwaffe Officer Quarters
Construct Panzer Kompanie
Construct Panzergrenadier Kompanie
Pak 40 Anti-tank Gun Team
Selects King Tiger Heavy Tank
Pak 40 Anti-tank Gun Team
Selects Propaganda Leaflet Drop